 Dungeon Crawl Stone Soup version 0.32-a0-711-g016ad743e0 (webtiles) character file.

Game seed: 15938198600768202458

178 ezpacito the Chopper (level 5, -8/42 HPs)
             Began as a Coglin Chaos Knight on Mar 16, 2024.
             Was a Plaything of Xom.
             Killed from afar by a steam dragon (15 damage)
             ... with a ball of steam
             ... on level 4 of the Dungeon.
             The game lasted 00:03:31 (2491 turns).

ezpacito the Chopper (Coglin Chaos Knight)          Turns: 2491, Time: 00:03:32

Health: -8/42      AC:  8    Str: 14    XL:     5   Next: 58%
Magic:  6/6        EV:  6    Int: 16    God:    Xom [......]
Gold:   102        SH:  0    Dex: 13    Spells: 5/5 levels left

rFire   . . .        a - +0 hand axe (chaos) {Navbir}
rCold   . . .        m - +0 short sword (holy) {Else}
rNeg    . . .        o - +0 chain mail of Biysakhly {Int+4}
rPois   .            (no helmet)
rElec   .            (no cloak)
rCorr   .            (no gloves)
SInv    .            (no boots)
Will    .....        (amulet unavailable) Stlth
                     (ring unavailable)
HPRegen 0.27/turn    (ring unavailable)
MPRegen 0.10/turn    (no gizmo)

%: no passive effects
@: confused, ambrosia-drunk, revved
A: off-hand wielding, slow wielding, warmup strikes, no jewellery
a: Invent Gizmo, Renounce Religion


You were on level 4 of the Dungeon.
You worshipped Xom.
You were a very special plaything of Xom.
You visited 1 branch of the dungeon, and saw 4 of its levels.

You collected 102 gold pieces.

Inventory:

Hand Weapons
 a - a +0 hand axe of chaos (weapon) {Navbir}
 m - a +0 short sword of holy wrath (offhand) {Else}
 p - a +1 whip of electrocution
Armour
 o - the +0 chain mail of Biysakhly (worn) {Int+4}
   (You found it on level 2 of the Dungeon)

   Int+4:     It affects your intelligence (+4).
Scrolls
 g - a scroll of amnesia {unknown}
 n - 3 scrolls of teleportation {unknown}
Potions
 b - a potion of mutation
 d - a potion of might
 e - 2 potions of degeneration
 h - a potion of haste
 j - a potion of lignification
 k - a potion of cancellation


   Skills:
 * Level 3.7 Fighting
 * Level 3.7(3.9) Axes
 + Level 1.2(2.5) Polearms
 * Level 2.6 Armour
 * Level 2.0 Dodging
 + Level 1.0 Stealth
 + Level 0.8 Spellcasting


You had 5 spell levels left.
You didn't know any spells.
Your spell library contained the following spells:

 Spells                   Type           Power      Damage    Failure   Level
 Apportation              Tloc           0%         N/A       98%         1
 Necrotise                Necr           0%         1d4       98%         1
 Sting                    Conj/Alch      0%         1d3       98%         1
 Summon Small Mammal      Summ           0%         N/A       98%         1


Dungeon Overview and Level Annotations

Branches:
Dungeon (4/15)
 Temple: D:4-7

Altars:


Innate Abilities, Weirdness & Mutations

You can wield a second weapon in your off-hand.
It takes a long time for you to wield or remove held weapons.
Your first few attacks do less damage.
You cannot equip rings or amulets.


Message History

You closely miss the steam dragon with your +0 short sword of holy wrath.
The steam dragon is moderately wounded.
You hit the steam dragon with your +0 hand axe of chaos.
The steam dragon looks as sick as possible!
The steam dragon bites you but does no damage.
The steam dragon barely misses you.
You hit the steam dragon with your +0 short sword of holy wrath.
The steam dragon is heavily wounded.
You hit the steam dragon but do no damage.
The steam dragon looks as sick as possible!
The steam dragon breathes steam at you. The ball of steam hits you!
You take 9 damage, and have 24/42 hp.
MASSIVE DAMAGE!!
The steam dragon bites you. The steam dragon claws you.
You take 5 damage, and have 19/42 hp.
You hit the steam dragon with your +0 hand axe of chaos.
The steam dragon is severely wounded.
You barely miss the steam dragon with your +0 short sword of holy wrath.
The steam dragon bites you. The steam dragon barely misses you.
You take 3 damage, and have 16/42 hp.
You hit the steam dragon but do no damage.
The steam dragon looks as sick as possible!
The steam dragon is severely wounded.
You closely miss the steam dragon with your +0 short sword of holy wrath.
The steam dragon bites you. The steam dragon claws you.
The steam dragon bites you!
* * * LOW HITPOINT WARNING * * *
The steam dragon claws you.
* * * LOW HITPOINT WARNING * * *
You take 13 damage, and have 3/42 hp.
MASSIVE DAMAGE!!
Okay, then.
Okay, then.
You aren't carrying any items that you can evoke.
Okay, then.
You are confused.
You feel invigorated. The steam dragon breathes steam at you.
The ball of steam hits you!
You die...
Xom cackles wildly!

#.. #.# #..
##.# ..
#####..#
##......#
##.......#
##........#
..........##
...........###
§......@.....#
.§..§...D...##
........#####
...!.....
.........#
.........#
.......(.#
.........#
.........#


You could see a steam dragon (extremely poisoned, catching breath).

Vanquished Creatures
  A scorpion (D:3)
  An iguana (D:4)
  An adder (D:2)
  2 ufetubi (D:4)
  2 dart slugs
  2 orcs
  7 endoplasms
  2 giant cockroaches
  3 goblins
  3 hobgoblins
  11 jackals
  2 quokkas
  13 ball pythons
  A bat (D:2)
  3 frilled lizards (D:1)
  5 kobolds
  4 rats
63 creatures vanquished.

Notes
Turn   | Place    | Note
-------+----------+-------------------------------------------
     0 | D:1      | ezpacito the Coglin Chaos Knight began the quest for the
                  | Orb.
     0 | D:1      | Reached XP level 1. HP: 18/18 MP: 1/1
    59 | D:1      | XOM: silly message
   253 | D:1      | Reached skill level 1 in Dodging
   253 | D:1      | Reached XP level 2. HP: 23/24 MP: 2/2
   284 | D:1      | XOM: divination: detect creatures
   303 | D:1      | XOM: 1-stop teleportation journey
   538 | D:1      | XOM: cast spell 'Iskenderun's Battlesphere'
   929 | D:2      | Reached XP level 3. HP: 28/29 MP: 3/3
  1024 | D:2      | XOM: draining
  1061 | D:2      | Found a faded altar of an unknown god.
  1061 | D:2      | XOM: 5-stop teleportation journey
  1240 | D:2      | XOM: summons 2 hostile demons
  1281 | D:2      | Reached XP level 4. HP: 35/35 MP: 4/4
  1298 | D:2      | Identified the +0 chain mail of Biysakhly {Int+4}
  1727 | D:3      | XOM: summons 3 hostile demons
  2035 | D:3      | XOM: draining
  2220 | D:4      | Noticed a scorpion
  2284 | D:3      | XOM: confusion
  2287 | D:3      | XOM: confuse monster(s)
  2293 | D:3      | Killed a scorpion
  2294 | D:3      | Reached skill level 1 in Polearms
  2294 | D:3      | Reached XP level 5. HP: 24/41 MP: 4/6
  2358 | D:4      | XOM: 1-stop teleportation journey
  2375 | D:4      | Reached skill level 1 in Stealth
  2478 | D:4      | Noticed a steam dragon
  2491 | D:4      | Killed from afar by a steam dragon

Illustrated notes

Levels and vault maps discovered:
D:1:      spicycebolla_arrival_xxxplode, layout_loops_ring
D:2:      layout_loops_ring, ebering_ecumenical_altar_hall
D:3:      layout_loops_ring, minmay_door_square
D:4:      layout_layer_cave, dreamdust_princess_bridge

Skill      XL: |  1  2  3  4  5 |
---------------+----------------+-----
Dodging        | 1 2 |  2.0
Armour         | 2 |  2.6
Polearms       | 1 |  1.2
Stealth        | 1 |  1.0
Fighting       | |  3.7
Axes           | |  3.7
Spellcasting   | |  0.8

Action                     |  1- 3 |  4- 6 || total
---------------------------+-------+-------++-------
  Melee: Hand axe          |   110 |    64 ||   174
         Dagger            |    34 |       ||    34
         Short sword       |    73 |    64 ||   137
    Use: Potion            |       |     3 ||     3
         Scroll            |       |     8 ||     8
   Stab: Paralysed         |     2 |     1 ||     3
         Confused          |       |     6 ||     6
         Distracted        |       |     1 ||     1
 Armour: Leather armour    |    31 |       ||    31
         Chain mail        |    57 |    83 ||   140
  Dodge: Dodged            |    42 |    47 ||    89

Table legend: (Time is in decaauts)
 A = Elapsed time spent in this place.
 B = Non-inter-level travel time spent in this place.
 C = Inter-level travel time spent in this place.
 D = Time resting spent in this place.
 E = Time spent auto-exploring this place.
 F = Levels seen in this place.
 G = Mean time per level.
                   A        B        C        D        E       F      G
               +--------+--------+--------+--------+--------+-----+--------+
         Total |   2503 |   2348 |    155 |    120 |   1713 |   4 |  625.8 |
       Dungeon |   2503 |   2348 |    155 |    120 |   1713 |   4 |  625.8 |
               +--------+--------+--------+--------+--------+-----+--------+

Top non-repeatable levels by time:
     D:1: 902 daAuts
     D:2: 744 daAuts
     D:3: 689 daAuts
     D:4: 167 daAuts
